 Dungeon Crawl Stone Soup version 0.18-a0-1774-gce1f7b6 (webtiles) character file.

16 gauge632 the Insei (level 2, -1/22 HPs)
             Began as a Demigod Transmuter on Apr 15, 2016.
             Slain by an adder (4 damage)
             ... on level 2 of the Dungeon.
             The game lasted 00:04:52 (383 turns).

gauge632 the Insei (Demigod Transmuter)              Turns: 383, Time: 00:04:55

Health: -1/22      AC:  8    Str: 12 (13) XL:     2   Next: 27%
Magic:  6/7        EV:  5    Int: 16 (17) God:
Gold:   24         SH:  0    Dex: 15 (16) Spells: 1 memorised, 3 levels left

rFire  . . .     SeeInvis .     f - +1 whip
rCold  . . .     Gourm    .     g - +0 chain mail (curse)
rNeg   . . .     Faith    .     (no shield)
rPois  .         Spirit   .     (no helmet)
rElec  .         Dismiss  .     (no cloak)
rCorr  .         Reflect  .     (no gloves)
SustAt +         Harm     .     (no boots)
MR     .....                    (no amulet)
Stlth  ..........               (no ring)
                                h - ring of loudness (curse)

@: lethally poisoned (-1 -> -17), very slightly contaminated, not resistant to
hostile enchantments, extremely unstealthy
A: high mp 1, sustain attributes
a: no special abilities


You were on level 2 of the Dungeon.
You were not hungry.

You visited 1 branch of the dungeon, and saw 2 of its levels.

You collected 24 gold pieces.

Inventory:

Hand Weapons
 f - a +1 whip (weapon)
Missiles
 a - 12 arrows
 e - 15 stones (quivered)
Armour
 g - a cursed +0 chain mail (worn)
 l - a cursed +0 ring mail
Jewellery
 h - a cursed ring of loudness (left hand)
Scrolls
 j - a scroll of fog
 k - 2 scrolls of fear
Potions
 b - a potion of cancellation
Books
 c - a book of Changes

   Spells                             Type                      Level
   a - Beastly Appendage              Transmutation                1
   b - Sticks to Snakes               Transmutation                2
   c - Spider Form                    Transmutation/Poison         3
   d - Ice Form                       Ice/Transmutation            4
   e - Blade Hands                    Transmutation                5
Comestibles
 d - a bread ration
 i - 2 meat rations


   Skills:
 + Level 0.8 Fighting
 + Level 0.1 Maces & Flails
 + Level 2.0 Dodging
 + Level 3.0 Unarmed Combat
 + Level 1.9 Spellcasting
 + Level 2.0 Transmutations


You had 3 spell levels left.
You knew the following spells:

 Your Spells              Type           Power        Failure   Level  Hunger
a - Beastly Appendage     Trmt           #.....       100%        1    #......


Dungeon Overview and Level Annotations

Branches:
Dungeon (2/15)


Innate Abilities, Weirdness & Mutations

You have an increased reservoir of magic (+10% MP).
Your attributes are resistant to harm.


Message History

You are more poisoned.
The adder poisons you!
The hobgoblin hits you but does no damage.
Casting: Beastly Appendage
Confirm with . or Enter, or press ? or * to list all spells.
You miscast Beastly Appendage.
You are very lightly contaminated with residual magic.
Your hair momentarily turns into snakes!
* * * LOW HITPOINT WARNING * * *
You feel sick. The hobgoblin hits you.
* * * LOW HITPOINT WARNING * * *
The adder barely misses you.
The giant newt bites you but does no damage.
You barely miss the adder.
The adder is severely wounded.
* * * LOW HITPOINT WARNING * * *
You feel sick.
The hobgoblin hits you but does no damage.
The adder bites you.
You die...

##.#########
.....#.....##
............##
.............#
.............#
.............#
........gg...#
........S@...#
........l<...#
..>.........##
.....#.....##
.(..########
###. #


You could see an adder, 2 hobgoblins and a giant newt.

Vanquished Creatures
  An ooze (D:1)
  A dart slug (D:1)
  A giant gecko (D:1)
  2 bats (D:1)
  A goblin (D:1)
  2 kobolds
  2 rats (D:1)
10 creatures vanquished.

Notes
Turn   | Place    | Note
--------------------------------------------------------------
     0 | D:1      | gauge632 the Demigod Transmuter began the quest for the Orb.
     0 | D:1      | Reached XP level 1. HP: 15/15 MP: 5/5
   187 | D:1      | Reached skill level 3 in Unarmed Combat
   187 | D:1      | Reached XP level 2. HP: 21/22 MP: 7/7
   383 | D:2      | Slain by an adder

Vault maps used:
D:1:      onia_arrival_handbag
D:2:      nicolae_gozag_cash_rules_everything_around_me, first_bread,
          nicolae_qazlal_general_emergency, uniq_robin

Skill      XL: |  1 |
---------------+----+-----
Transmutations | 2 |  2.0
Dodging        | 2 |  2.0
Unarmed Combat | 3 |  3.0
Fighting       | |  0.8
Maces & Flails | |  0.1
Spellcasting   | |  1.9

Action                   || total
-------------------------++-------
Melee: Whip              ||    31
       Unarmed           ||     7
       Kick              ||     2
       Punch             ||     1
 Cast: Beastly Appendage ||     1
  Use: Scroll            ||     3
       Potion            ||     3
Armor: Chain mail        ||    26
       Robe              ||     1
Dodge: Dodged            ||    22
